[Event "*** Titled Tuesday Blitz"]
[Site "Chess.com"]
[Date "2021.04.06"]
[Round "1"]
[White "Coiote53"]
[Black "IljaJoke"]
[Result "1/2-1/2"]
[WhiteElo "2030"]
[BlackElo "2483"]
[TimeControl "180+1"]
[EndTime "10:08:29 PDT"]
[Termination "Game drawn - insufficient material"]

1. e4 c5 2. Nf3 d6 3. d4 cxd4 4. Nxd4 Nf6 5. Nc3 a6 6. Bg5 e6 7. f4 Be7 8. Qf3 Qc7 9. O-O-O Nbd7 10. f5 Ne5 11. Qh3 O-O 12. Be2 h6 13. Bh4 b5 14.
fxe6 fxe6 15. Nxe6 Qa7 16. Rhf1 Nh7 17. Bxe7 Qxe7 18.
Nd5 Qxe6 19. Qxe6+ Bxe6 20. Nc7 Bd7 21. Nxa8 Rxa8 22. Rxd6 Nf6 23. a4 Kf7 24. a5 Ke7 25.
Rd4 Rc8 26. Rfd1 Bc6 27. Bf3 g5 28. h3 h5 29. Rf1 g4 30. hxg4 hxg4 31. Bd1 Bxe4 32.
Rxf6 Kxf6 33. Rxe4 Kf5 34. Rd4 Rc6 35. g3 Rh6 36. Rf4+ Kg5 37. Re4 Kf5 38. Rf4+ Kg5 39. b3 Rh3 40. Re4 Kf5 41. Re3 Rh1 42. Kd2 Rh2+ 43. Kc3 Rf2 44. Be2 Nf3 45. Bd3+ Kg5 46. Re8 Rg2 47. Rg8+ Kh5 48. Rh8+ Kg5 49. Rg8+ Kh5 50.
Bg6+ Kh6 51. Bf5 Rxg3 52. Rxg4 Rxg4 53. Bxg4 Ne5 54. Bc8 Nc6 55. b4 Nb8 56. Kd4 Kg5 57. Kc5 Kf4 58. Kb6 Ke3 59. Bxa6 Kd2 60. Bxb5 Kc3 61.
Kc7 Kxb4 62. Kxb8 Kxb5 63. Kc7 Kxa5 64. Kd6 Kb4 65. Kd5 Kc3 66. Ke4 Kxc2 1/2-1/2

[Event "*** Titled Tuesday Blitz"]
[Site "Chess.com"]
[Date "2021.04.06"]
[Round "1"]
[White "politeplayer"]
[Black "maximnovik"]
[Result "0-1"]
[WhiteElo "2238"]
[BlackElo "2559"]
[TimeControl "180+1"]
[EndTime "10:08:31 PDT"]
[Termination "maximnovik won on time"]

1. e4 c6 2. d4 d5 3. exd5 cxd5 4. c4 Nf6 5. Nc3 g6 6. Nf3 Bg7 7. Be2 O-O 8. O-O Nc6 9. Be3 Bf5 10. Rc1 dxc4 11.
Bxc4 Rc8 12. Bb3 Nb4 13. Ne5 Nfd5 14. a3 Nxc3 15. bxc3 Nd5 16. Qf3 Be6 17. Bd2 Bxe5 18. dxe5 Nc7 19. Bxe6 Nxe6 20. Bh6 Re8 21. Rfd1 Qc7 22.
Qe3 b6 23. h4 Red8 24. Re1 Qc4 25. h5 Rd3 26. Qe2 Rcd8 27. hxg6 hxg6 28. Rcd1 Rxd1 29.
Qxc4 Rxe1+ 30. Kh2 Rxe5 31. Be3 Rh5+ 32. Kg3 Ng7 33.
Kf3 Ne6 34. Qa4 Ra5 35. Qb4 Rd7 36. g3 Rad5 37. Kg2 f6 38. Qb3 Kf7 39. a4 g5 40. a5 Rxa5 41. f4 g4 42. Qc4 Rad5 43.
Kf2 f5 44. Ke2 a5 45. Qb3 b5 46. Qb1 a4 47. Bd4 Nxd4+ 48. cxd4 e6 49. Qb2 Kg6 50. Ke3 Ra7 51. Qb4 Kf7 52. Qb2 a3 53. Qa1 b4 54.
Qh1 Kg7 55. Qh5 a2 56. Qg5+ Kf7 57. Qh5+ Kg8 58. Qg6+ Kf8 59. Qf6+ Rf7 60. Qxe6 Re7 0-1

[Event "*** Titled Tuesday Blitz"]
[Site "Chess.com"]
[Date "2021.04.06"]
[Round "1"]
[White "DamianoLew95"]
[Black "TimKett"]
[Result "1-0"]
[WhiteElo "2562"]
[BlackElo "2248"]
[TimeControl "180+1"]
[EndTime "10:08:34 PDT"]
[Termination "DamianoLew95 won by resignation"]

1. e4 e5 2. Nf3 Nc6 3. Bb5 a6 4. Bxc6 dxc6 5. O-O f6 6. d4 exd4 7. Nxd4 c5 8. Nb3 Qxd1 9. Rxd1 Bd7 10. Nc3 O-O-O 11.
Bf4 b6 12. Nd5 Bd6 13. Bxd6 cxd6 14. Nxb6+ Kc7 15. Nd5+ Kb8 16. Rd2 Bc6 17. Na5 Bxd5 18. exd5 Re8 19. Kf1 Nh6 20. Rd3 Kc7 21. a3 Rb8 22. b4 cxb4 23. axb4 Rxb4 24. Rc3+ Kd7 25. Nc6 Rb6 26. g3 Nf5 27. Rca3 Ra8 28. Kg2 Ne7 29.
Nxe7 Kxe7 30. Re1+ Kf7 31. Ree3 Rc8 32. Rec3 Rc5 33.
Rxc5 dxc5 34. Kf3 Ke7 35. Re3+ Kd7 36. Ke4 a5 37. Kd3 Ra6 38. Kc4 a4 39. Ra3 Kd6 40. Kb5 Ra8 41. c4 Rb8+ 42. Ka5 Rb4 43. Rxa4 Rb2 44.
Ra3 Rxf2 45. h4 g6 46. Kb5 Rb2+ 47. Ka5 f5 48. Re3 Ra2+ 49. Kb5 Rb2+ 50. Ka4 Rb4+ 51.
Ka3 Rxc4 52. Re6+ Kxd5 53. Re7 Rc3+ 54. Kb2 Rxg3 55. Rxh7 f4 56. Kc2 Ke4 57. Rc7 Rg2+ 58. Kd1 f3 59. Ke1 Ke3 60. Re7+ Kd3 61. Kf1 c4 62.
Rf7 c3 63. Rxf3+ Kd2 64. Kxg2 c2 65. Rf2+ Kd3 66. Rf1 Kd2 67. Kg3 c1=Q 68. Rxc1 Kxc1 69. Kg4 Kd2 70. Kg5 Ke3 71. Kxg6 Kf4 72. h5 1-0

[Event "*** Titled Tuesday Blitz"]
[Site "Chess.com"]
[Date "2021.04.06"]
[Round "1"]
[White "madamDD"]
[Black "szabadaba"]
[Result "1/2-1/2"]
[WhiteElo "2374"]
[BlackElo "2668"]
[TimeControl "180+1"]
[EndTime "10:08:35 PDT"]
[Termination "Game drawn - insufficient material"]

1. e4 c6 2. d4 d5 3. e5 Bf5 4. h4 h6 5. g4 Bd7 6. Bd3 h5 7. g5 g6 8. Ne2 Bg4 9. Nd2 e6 10. f3 Bf5 11. Bxf5 gxf5 12. Nf4 Ne7 13. Nf1 Ng6 14.
Be3 Nd7 15. Ng3 Nxf4 16. Bxf4 c5 17. Ne2 cxd4 18. Nxd4 Bc5 19. Qd2 Nf8 20. O-O-O Ng6 21. Bg3 Qb6 22. Kb1 Bxd4 23. Qxd4 Qxd4 24. Rxd4 Rc8 25.
Rb4 Rc7 26. c4 dxc4 27. Rc1 Kd7 28. Rbxc4 Rhc8 29. Rd4+ Ke7 30. Rcd1 b6 31. f4 Rb7 32. Be1 a5 33. b4 axb4 34. Bxb4+ Ke8 35. Be1 Ne7 36.
Rd6 Nd5 37. g6 Ke7 38. gxf7 Kxf7 39. R1xd5 exd5 40. Rf6+ Kg7 41. Rxf5 Rf7 42. Rg5+ Kf8 43. f5 Rfc7 44. Bb4+ Ke8 45. e6 Rc1+ 46. Kb2 R8c2+ 47. Kb3 Rb1+ 48. Kxc2 Rxb4 49. f6 Kf8 50. e7+ Kf7 51. Re5 Rc4+ 52. Kb3 Rc8 53. Kb4 Re8 54. Kc3 Kxf6 55.
Rxd5 Rxe7 56. Rxh5 Re3+ 57. Kb4 Ke7 58. a4 Kd7 59. Kb5 Kc7 60. Ka6 Re4 61. Rh7+ Kc8 62. h5 Rxa4+ 63. Kxb6 Kd8 64. h6 Rh4 65. Kc6 Ke8 66. Kd6 Kf8 67. Ke6 Kg8 68. Rg7+ Kh8 69. Rg6 Kh7 70. Rf6 Rh1 71. Kf7 Rg1 72. Ke6 Re1+ 73.
Kf7 Ra1 74. Ke6 Ra6+ 75. Kf5 Ra5+ 76. Ke6 Ra7 77. Kf5 Ra5+ 78. Ke6 Ra6+ 79. Kf5 Rxf6+ 80. Kxf6 Kxh6 1/2-1/2

[Event "*** Titled Tuesday Blitz"]
[Site "Chess.com"]
[Date "2021.04.06"]
[Round "1"]
[White "TooOldTooSlow70"]
[Black "shimastream"]
[Result "0-1"]
[WhiteElo "2472"]
[BlackElo "2966"]
[TimeControl "180+1"]
[EndTime "10:08:36 PDT"]
[Termination "shimastream won by resignation"]

1. Nf3 d5 2. d4 Nf6 3. c4 e6 4. Nc3 dxc4 5. e4 b5 6. e5 Nd5 7. Nxb5 Nb6 8. Be2 Nc6 9. O-O Be7 10. Nc3 O-O 11. b3 cxb3 12. axb3 Bb7 13. Be3 Nb4 14. Qd2 a5 15. Rfd1 N6d5 16. Nxd5 Bxd5 17.
Qc3 c6 18. Ne1 Qb6 19. Rab1 Rfb8 20. Bc4 Be4 21. Ra1 Nd5 22. Qc1 Bb4 23. Nd3 Be7 24. Nc5 Bxc5 25. dxc5 Qc7 26. f4 Ne7 27. Bf2 Bd5 28.
Qc3 h6 29. Bh4 Nf5 30. Bf2 Ra7 31. Ra3 Ne7 32. Rda1 Bxc4 33. bxc4 Rba8 34. Ra4 Ng6 35. g3 Ne7 36. Be1 Qd7 37. Rxa5 Rxa5 38. Rxa5 Rb8 39. Ra1 Nf5 40. Qd2 Qe7 41. Bf2 h5 42. Rd1 Qb7 43. Qe2 g6 44. Kg2 Qb3 45. Qf3 Qc2 46. Qd3 Ne3+ 47. Qxe3 Qxd1 48. h4 Rb2 49. Qe4 Qe2 50.
Qxe2 Rxe2 51. Kf3 Rc2 52. Be3 Rxc4 53. Ke2 Kf8 54. Kf3 Ra4 55. Ke2 Ke8 56. Kf3 Kd7 57. Ke2 Kc7 58. Kf3 Kb7 59. g4 Ra3 60. gxh5 gxh5 61. Ke4 Ra4+ 62. Kf3 Ka6 63. Ke2 Kb5 64. Kd3 Ra3+ 65. Ke4 Rxe3+ 66. Kxe3 Kxc5 67. Ke4 Kb4 68. f5 c5 69. Kf4 c4 70. Kg5 c3 71.
Kxh5 c2 72. Kg5 c1=Q+ 73. Kf6 Qf4 74. Kxf7 Qxf5+ 0-1

[Event "*** Titled Tuesday Blitz"]
[Site "Chess.com"]
[Date "2021.04.06"]
[Round "1"]
[White "Tactictic"]
[Black "AlexTriapishko"]
[Result "0-1"]
[WhiteElo "2433"]
[BlackElo "2828"]
[TimeControl "180+1"]
[EndTime "10:08:37 PDT"]
[Termination "AlexTriapishko won by checkmate"]

1. e4 c6 2. d4 d5 3. e5 Bf5 4. h4 h5 5. Bd3 Bxd3 6. Qxd3 Qa5+ 7. Nd2 e6 8. Nf3 Nh6 9. O-O Nf5 10. c4 Be7 11. g3 Na6 12. c5 b6 13. b4 Nxb4 14.
Qc3 Qa4 15. Rb1 Na6 16. cxb6 O-O 17. bxa7 Rxa7 18. Nb3 Nc7 19. Bg5 Bxg5 20. Nxg5 Nb5 21.
Qf3 g6 22. Rfd1 Nbxd4 23. Nxd4 Nxd4 24. Qd3 c5 25. Rbc1 Qa5 26. g4 hxg4 27. h5 Kg7 28.
hxg6 fxg6 29. Qe3 Nf3+ 30. Nxf3 Rxf3 31. Qxc5 Qxc5 32. Rxc5 Raf7 33. Rd2 g3 34. fxg3 Rxg3+ 35. Rg2 Re3 36. Rg5 Re1+ 37. Kg2 Re2+ 38. Kg1 Rf5 39. Rxf5 gxf5 40. a4 Rxe5 41. Kf2 Re4 42. Rc7+ Kf6 43. a5 Rf4+ 44. Ke3 Ra4 45. Ra7 f4+ 46. Kf3 Ke5 47. a6 Ra3+ 48. Ke2 Ke4 49. Ra8 Ra2+ 50. Kd1 e5 51. a7 f3 52. Ke1 d4 53. Kd1 Kd3 54. Kc1 f2 55. Rf8 Rxa7 56. Rxf2 Ra1+ 57. Kb2 Re1 58. Rf3+ Ke4 59. Rf8 d3 60. Kc3 Re2 61. Rd8 Rc2+ 62. Kb3 Rc7 63. Kb2 Ke3 64. Kb3 e4 65.
Rd5 Kd2 66. Kb2 e3 67. Re5 Rb7+ 68. Ka3 e2 69. Rc5 e1=Q 70. Rc4 Qa1# 0-1

[Event "*** Titled Tuesday Blitz"]
[Site "Chess.com"]
[Date "2021.04.06"]
[Round "1"]
[White "krzyzan94"]
[Black "sau6on"]
[Result "1-0"]
[WhiteElo "2693"]
[BlackElo "2373"]
[TimeControl "180+1"]
[EndTime "10:08:39 PDT"]
[Termination "krzyzan94 won on time"]

1. e4 c5 2. Nc3 Nc6 3. f4 e6 4. Nf3 d5 5. Bb5 Ne7 6. O-O dxe4 7. Nxe4 a6 8. Bxc6+ Nxc6 9. d3 Be7 10. Be3 b6 11.
Ne5 Nd4 12. a4 Qc7 13. Bxd4 cxd4 14. c3 dxc3 15. Rc1 b5 16. Rxc3 Qb6+ 17. Kh1 Bb7 18. Qc2 Rd8 19. Rc7 Ba8 20. axb5 axb5 21. Rc1 f6 22.
Nf3 Rf8 23. Qb3 Rd7 24. Rxd7 Kxd7 25. Qc3 Bd5 26. b4 Qb7 27. Nd4 Rc8 28. Qxc8+ Qxc8 29. Rxc8 Kxc8 30. Nxb5 Bxb4 31. f5 exf5 32. Nbd6+ Kd7 33.
Nxf5 Bf8 34. Kg1 Bxe4 35. dxe4 g6 36. Nh4 Ke6 37. Kf2 Bd6 38. h3 Be5 39. Ke3 Kd6 40. Nf3 Ke6 41. Kd3 Kd6 42. Kc4 Ke6 43. Kd3 Bd6 44.
Nd2 Be5 45. Nc4 Bd6 46. Ne3 Be5 47. Nd5 f5 48. Ne3 fxe4+ 49. Kxe4 Bd6 50. Ng4 Bc7 51.
Nf2 Bd6 52. Nd3 Bc7 53. Nc5+ Kd6 54. Nb3 Ke6 55. Nd4+ Kf6 56. Nf3 Bd6 57. Kd5 Bg3 58.
Ke4 Bb8 59. g4 Bc7 60. g5+ Ke6 61. Nd4+ Ke7 62. Kd5 Bf4 63. Nf3 Bc1 64. h4 Kf7 65.
Ne5+ Kg7 66. Nd3 h6 67. Nxc1 hxg5 68. hxg5 Kf7 69. Ke5 1-0

[Event "*** Titled Tuesday Blitz"]
[Site "Chess.com"]
[Date "2021.04.06"]
[Round "1"]
[White "dosto07"]
[Black "Agibileg"]
[Result "0-1"]
[WhiteElo "2236"]
[BlackElo "2555"]
[TimeControl "180+1"]
[EndTime "10:08:45 PDT"]
[Termination "Agibileg won on time"]

1. e4 c5 2. Nf3 e6 3. d4 cxd4 4.
Nxd4 Nc6 5. Nxc6 bxc6 6. Bd3 d5 7. Nd2 Nf6 8. O-O Be7 9. b3 O-O 10. Bb2 a5 11. Qe2 a4 12. c4 Ba6 13. Rad1 axb3 14.
axb3 Rb8 15. cxd5 Bxd3 16. Qxd3 cxd5 17. e5 Nd7 18. Nf3 Nc5 19. Qc2 Nxb3 20. Rb1 Qc8 21. Qe2 Na5 22. Rbc1 Nc4 23. Bd4 Bc5 24. Qd3 Bxd4 25.
Qxd4 Qc7 26. h4 Rb4 27. Rfe1 Rfb8 28. h5 h6 29. Qd3 Rb3 30. Qd4 Qb6 31. Qxb6 R8xb6 32.
Ra1 Ra3 33. Rxa3 Nxa3 34. Ra1 Rb3 35. Rc1 Rb1 36. Rxb1 Nxb1 37. Kf1 Nc3 38. Ke1 Ne4 39. Nd4 Kf8 40. g4 Ke7 41. f3 Nc5 42. Kd2 Kd7 43. Kc3 Na6 44. Nb5 Nb8 45. Nd6 Ke7 46. f4 Nc6 47.
Nb7 g6 48. Kd3 gxh5 49. gxh5 f6 50. exf6+ Kxf6 51. Nc5 Kf5 52. Ke3 Ne7 53. Kf3 Ng8 54. Nd7 Nf6 55. Ne5 Nxh5 56. Nf7 Nxf4 57. Nxh6+ Kg6 58.
Ng4 Nh5 59. Ne5+ Kf5 60. Nd3 e5 61. Nc5 Nf6 62. Ke3 Ng4+ 63. Ke2 e4 64. Nb3 Ke5 65. Nd2 d4 66. Nc4+ Kf4 67. Nd2 Ne5 68. Nf1 Nf3 69.
Kf2 Ne5 70. Ke2 d3+ 71. Kd2 Nf3+ 72. Kd1 e3 73. Nxe3 Kxe3 74. Kc1 Ke2 75. Kb1 d2 0-1

[Event "*** Titled Tuesday Blitz"]
[Site "Chess.com"]
[Date "2021.04.06"]
[Round "1"]
[White "djano"]
[Black "ViditYT"]
[Result "1/2-1/2"]
[WhiteElo "2477"]
[BlackElo "2934"]
[TimeControl "180+1"]
[EndTime "10:08:46 PDT"]
[Termination "Game drawn - insufficient material"]

1. e4 c6 2. d4 d5 3. exd5 cxd5 4. Bd3 Nc6 5. c3 Nf6 6. Bf4 Bg4 7. Qb3 Na5 8. Qc2 a6 9. Nd2 e6 10. Ngf3 Nc6 11.
h3 Bh5 12. O-O Rc8 13. a3 Be7 14. Rae1 O-O 15. Bh2 Bd6 16. Bxd6 Qxd6 17. Qb1 Bxf3 18. Nxf3 g6 19. Ne5 Kg7 20. f4 b5 21. Qd1 Na5 22.
Qf3 Nc4 23. Re2 a5 24. g4 b4 25. axb4 axb4 26. f5 exf5 27. gxf5 bxc3 28. bxc3 Qb6 29.
Kh1 Nd6 30. fxg6 fxg6 31. Nd7 Qd8 32. Nxf8 Qxf8 33. Re6 Nfe4 34. Bxe4 Nxe4 35. Qxf8+ Rxf8 36. Re7+ Kg8 37. Rxf8+ Kxf8 38. Rxh7 Nxc3 39. Kg2 Ne2 40. Rd7 Nxd4 41. Rxd5 Nf5 42. Ra5 Kg7 43. Ra7+ Kh6 44.
Ra6 Kg5 45. Ra5 Kf6 46. Ra4 Kg5 47. Rg4+ Kh5 48. Ra4 Nh4+ 49. Kg3 Nf5+ 50. Kf4 Kh4 51. Ra6 Kh5 52. Ra8 Kh6 53. Kg4 Ne3+ 54. Kf3 Nf5 55. Kf4 Ne7 56. Ra7 Nf5 57. Kg4 Ne3+ 58. Kf3 Nf5 59. Kf4 Ng7 60. h4 Nf5 61. Kg4 Ne3+ 62.
Kf3 Nf5 63. Ra8 Nxh4+ 64. Kg4 Nf5 65. Ra6 Kg7 66. Rxg6+ Kxg6 1/2-1/2

[Event "*** Titled Tuesday Blitz"]
[Site "Chess.com"]
[Date "2021.04.06"]
[Round "1"]
[White "Bulldog167"]
[Black "ViktoriyaTarasova"]
[Result "1/2-1/2"]
[WhiteElo "2797"]
[BlackElo "2433"]
[TimeControl "180+1"]
[EndTime "10:08:46 PDT"]
[Termination "Game drawn by repetition"]

1. c4 Nf6 2. Nc3 e5 3. Nf3 Nc6 4. e4 Bb4 5. d3 Bxc3+ 6. bxc3 d6 7. g3 O-O 8. Bg2 Nd7 9. O-O Nc5 10. Be3 f5 11. exf5 Bxf5 12. d4 Nd7 13. Nh4 Kh8 14.
Nxf5 Rxf5 15. Be4 Rf8 16. c5 Qe7 17. cxd6 cxd6 18. Re1 Nf6 19. Bg2 Rad8 20. Qb3 Qc7 21. h3 Na5 22. Qb4 b6 23. Rad1 Nc4 24. dxe5 dxe5 25.
Bg5 Qc5 26. Qxc5 bxc5 27. Bf1 Rxd1 28. Rxd1 Nb6 29. Bg2 h6 30. Be3 Na4 31. c4 Nb2 32. Rc1 Rc8 33. Rc2 Na4 34. Kf1 Nb6 35. Ke2 Kg8 36.
Kd3 Kf7 37. Kc3 Ke6 38. h4 Ke7 39. Rd2 Nfd7 40. Bh3 Rc7 41. Bxd7 Nxd7 42. f4 exf4 43. Bxf4 Rb7 44. Re2+ Kd8 45. Bd6 Rb1 46. Rd2 Rc1+ 47. Kb2 Rg1 48. Bxc5 Rxg3 49. Bxa7 Rg4 50. c5 Kc7 51. h5 Rg5 52. Rh2 Kb7 53. Bb6 Nxb6 54. cxb6 Kxb6 55. Kb3 Rb5+ 56. Kc4 Rc5+ 57. Kd4 Rg5 58.
Ke4 Ka5 59. Kf4 Ka4 60. Rh3 Ka5 61. Rh2 Ka4 62. Kf3 Ka5 63. Rh4 Kb5 64. a4+ Ka5 65. Ke3 Ka6 66. Rh3 Ka5 67. Rh4 Ka6 68. Kf3 Ka5 69.
Ke3 1/2-1/2

[Event "*** Titled Tuesday Blitz"]
[Site "Chess.com"]
[Date "2021.04.06"]
[Round "1"]
[White "zala02"]
[Black "IMAghasiyevKamal"]
[Result "0-1"]
[WhiteElo "2142"]
[BlackElo "2519"]
[TimeControl "180+1"]
[EndTime "10:08:48 PDT"]
[Termination "IMAghasiyevKamal won on time"]

1. e4 e5 2. Nf3 Nc6 3. Bc4 Bc5 4. c3 Nf6 5. d3 d6 6. O-O a5 7. Bb3 O-O 8. Nbd2 h6 9. Nc4 Be6 10. Re1 Re8 11. Ne3 d5 12. exd5 Nxd5 13. d4 exd4 14.
Nxd5 a4 15. Nxc7 axb3 16. Nxe8 Qxe8 17. cxd4 Bb4 18. Bd2 Qf8 19. a3 Bd6 20. Bc3 Bd5 21.
Qd3 f6 22. Nh4 Qf7 23. Nf5 Bc7 24. Re3 Rd8 25. Rae1 Kh8 26. Ng3 Bf4 27. R3e2 Bc4 28. Qf3 Bxe2 29. Qxf4 Bd3 30. Re3 Bg6 31. Ne4 Nxd4 32.
Nd6 Qd5 33. Qxd4 Qxd4 34. Bxd4 Rxd6 35. Bc3 Kg8 36. Re1 Kf7 37. h4 h5 38. g3 Bf5 39.
Kg2 Rd3 40. Re3 Rd1 41. Kf3 Bg4+ 42. Kf4 Rf1 43. f3 Be6 44. Rd3 Rc1 45. Re3 Rd1 46. g4 hxg4 47. fxg4 Rg1 48. Rg3 Rf1+ 49. Ke3 g6 50. Kd4 Rf4+ 51. Kc5 Bxg4 52. Kb6 Bf3 53. a4 Bc6 54. Rh3 Rf5 55. a5 Rb5+ 56. Kc7 f5 57.
Rh2 Be4 58. h5 gxh5 59. Rxh5 Kg6 60. Rh8 Rc5+ 61. Kb6 Rxc3 62. bxc3 b2 63. Ka7 b1=Q 64. Rg8+ Kf7 65. Rb8 Qb5 0-1

[Event "*** Titled Tuesday Blitz"]
[Site "Chess.com"]
[Date "2021.04.06"]
[Round "1"]
[White "UCantHandleDenker"]
[Black "TosicSrecko"]
[Result "0-1"]
[WhiteElo "2588"]
[BlackElo "2317"]
[TimeControl "180+1"]
[EndTime "10:08:49 PDT"]
[Termination "TosicSrecko won on time"]

1. Nf3 d5 2. d3 Nf6 3. g3 e6 4. Bg2 Be7 5. O-O O-O 6. Nbd2 c5 7. e4 h6 8. Re1 Nc6 9. e5 Nh7 10. Nf1 Re8 11. h4 b5 12. a3 Bf8 13. N1h2 Ne7 14. g4 Ng6 15. g5 hxg5 16. hxg5 Be7 17. Qd2 Bb7 18. c3 d4 19. cxd4 cxd4 20. b4 Rc8 21.
Qb2 Nxg5 22. Nxg5 Bxg2 23. Ne4 Nxe5 24. Kxg2 Nxd3 25. Qe2 Nxe1+ 26. Qxe1 Qd5 27. Kg1 f5 28. Ng3 Bf6 29. Bd2 Kf7 30. Qe2 Rh8 31. Qf3 Qxf3 32. Nxf3 g6 33. Re1 Rhe8 34. Bf4 Rc3 35. Ne5+ Bxe5 36.
Bxe5 Rxa3 37. Bxd4 Rd3 38. Bc5 e5 39. Bxa7 e4 40.
Nf1 Rb3 41. Rc1 Rxb4 42. Rc7+ Ke6 43. Rc6+ Kf7 44. Rc7+ Kg8 45. Ne3 Ra4 46. Nd5 Re6 47.
Bc5 Rc4 48. Ne7+ Rxe7 49. Rxe7 Rxc5 50. Rb7 Re5 51. Kg2 Kf8 52. Kg3 g5 53. Kg2 f4 54.
Kf1 e3 55. fxe3 fxe3 56. Ke2 g4 57. Ke1 e2 58. Rb6 Kf7 59. Rb7+ Kf6 60. Rb8 Kf5 61. Rf8+ Kg5 62. Rg8+ Kh4 63. Rh8+ Kg3 64. Rg8 Kf3 65. Rf8+ Kg2 66. Rf2+ Kg3 67. Rf8 b4 68. Rb8 Re4 69. Rb7 Kg2 70. Rf7 g3 71. Rb7 Kf3 72. Rf7+ Rf4 73. Re7 g2 74. Re3+ Kg4 75. Kxe2 g1=Q 76. Rb3 Qg2+ 0-1

[Event "*** Titled Tuesday Blitz"]
[Site "Chess.com"]
[Date "2021.04.06"]
[Round "1"]
[White "Mazanchenko_Dmitry"]
[Black "Keks2017"]
[Result "0-1"]
[WhiteElo "2202"]
[BlackElo "2533"]
[TimeControl "180+1"]
[EndTime "10:08:50 PDT"]
[Termination "Keks2017 won on time"]

1. e4 e6 2. d4 d5 3. Nc3 Nf6 4.
Bg5 Be7 5. e5 Nfd7 6. h4 a6 7.
Qg4 h5 8. Qg3 g6 9. Nce2 c5 10.
c3 Nc6 11. Nf3 b5 12. O-O-O b4 13. Rd2 bxc3 14. bxc3 Rb8 15. Rb2 Rxb2 16. Kxb2 Nb6 17. Bxe7 Nxe7 18. Nc1 c4 19. Ng5 Na4+ 20. Kc2 Qb6 21.
Nb3 Bd7 22. Be2 Nf5 23. Qf4 cxb3+ 24. axb3 Ke7 25. Rb1 Nxc3 26. Kxc3 Rc8+ 27. Kb2 Qxd4+ 28. Qxd4 Nxd4 29. Bxa6 Rc2+ 30. Ka3 Rxf2 31. b4 Rxg2 32. b5 Rh2 33. b6 Nc6 34. Bb5 Nb8 35. Bxd7 Nxd7 36.
b7 Rxh4 37. Rc1 Rc4 38. Rxc4 dxc4 39. Kb4 f6 40. exf6+ Kxf6 41. Ne4+ Ke5 42. Nc5 Nb8 43.
Kxc4 h4 44. Kb5 h3 45. Na6 h2 46. Nxb8 h1=Q 47. Nc6+ Kf5 48. b8=Q Qb1+ 49. Nb4 e5 50. Qf8+ Kg4 51. Qd6 Qf1+ 52. Kc5 Qf4 53. Nd5 Qc1+ 54. Kb6 Qb2+ 55. Kc7 g5 56. Nf6+ Kf5 57. Nd5 Qc2+ 58.
Kd7 Kg4 59. Ke7 Qh7+ 60. Kd8 Qg8+ 61. Kc7 Qf7+ 62. Qd7+ Qxd7+ 63. Kxd7 e4 64. Ke6 Kf3 65. Ke5 g4 66. Ne3 Kxe3 67. Kf5 Kf3 68. Ke5 e3 69. Kd4 e2 0-1

[Event "*** Titled Tuesday Blitz"]
[Site "Chess.com"]
[Date "2021.04.06"]
[Round "1"]
[White "VitaRasik"]
[Black "GM4life"]
[Result "1-0"]
[WhiteElo "2614"]
[BlackElo "2317"]
[TimeControl "180+1"]
[EndTime "10:08:52 PDT"]
[Termination "VitaRasik won by checkmate"]

1. e4 c5 2. Nf3 d6 3. Bb5+ Nd7 4. c3 Nf6 5. Bd3 g6 6. Bc2 Bg7 7. d4 O-O 8. O-O b6 9. Re1 Bb7 10. h3 Qc7 11. Nbd2 Rac8 12. Bd3 Rfe8 13. Nf1 e5 14. d5 Nh5 15. Ng3 Nxg3 16. fxg3 c4 17. Bc2 b5 18. g4 Nc5 19. Be3 a5 20. Qd2 Rb8 21. Rf1 Ba6 22. Bh6 b4 23. Bxg7 Kxg7 24. Rf2 h6 25. Raf1 Re7 26. Qe3 Qb6 27. Nd2 bxc3 28. bxc3 Nd3 29. Qxb6 Rxb6 30. Bxd3 cxd3 31. Nb3 a4 32. Na5 Rc7 33. Nc6 a3 34. Nd8 d2 35.
Rd1 Rb2 36. Rdxd2 Rxd2 37. Rxd2 Rxc3 38. Rf2 f6 39. Ne6+ Kf7 40. h4 Ke7 41. g5 hxg5 42.
hxg5 fxg5 43. Nxg5 Rc1+ 44. Kh2 Rf1 45. Rc2 Rf8 46.
Rc7+ Kd8 47. Ne6+ Ke8 48. Nxf8 Kxf8 49. Ra7 Bd3 50. Rxa3 Bxe4 51. Ra5 Ke8 52. Kg3 Kd7 53. Rb5 Kc7 54. a4 Bd3 55. Rb4 g5 56. Kg4 Bf1 57. g3 Bg2 58. Rb5 e4 59. Rb2 Bf3+ 60. Kxg5 e3 61.
Kf4 e2 62. Rb1 Bxd5 63. Ke3 Bc4 64. g4 d5 65. g5 Kd6 66. a5 Ke5 67. Rg1 d4+ 68. Kd2 d3 69. g6 Kd4 70. g7 Bg8 71. a6 Kc5 72. a7 Bd5 73. a8=Q Bxa8 74. g8=Q Bd5 75. Rg5 Kc4 76. Qxd5+ Kb4 77. Qb5+ Ka3 78. Rg6 e1=Q+ 79. Kxe1 d2+ 80. Kxd2 Ka2 81. Ra6# 1-0

[Event "*** Titled Tuesday Blitz"]
[Site "Chess.com"]
[Date "2021.04.06"]
[Round "1"]
[White "serena-maria"]
[Black "Swarnapuri"]
[Result "1-0"]
[WhiteElo "2397"]
[BlackElo "2658"]
[TimeControl "180+1"]
[EndTime "10:08:53 PDT"]
[Termination "serena-maria won by resignation"]

1. Nf3 Nc6 2. d4 d5 3. Bf4 Bg4 4. e3 e6 5. Be2 Bd6 6. Bxd6 cxd6 7. h3 Bh5 8. c4 dxc4 9. Bxc4 Nf6 10. Nc3 O-O 11.
O-O Rc8 12. Rc1 Bxf3 13. gxf3 Ne7 14. Bd3 Ng6 15. Ne4 Nh4 16. Rxc8 Qxc8 17. Nxd6 Qd8 18.
Ne4 Nxe4 19. fxe4 f5 20. exf5 exf5 21. Qb3+ Rf7 22. f4 Kf8 23. Qa3+ Re7 24. Kf2 Qd5 25.
Ke2 Qg2+ 26. Rf2 Qxh3 27. Bc4 Qg4+ 28. Kd2 Qg3 29. Re2 Nf3+ 30. Kc3 Ng1 31. Rd2 Qxe3+ 32. Rd3 Ne2+ 33. Kc2 Qc1+ 34. Kb3 Qxf4 35. Qc5 Nc1+ 36.
Kc2 g6 37. Rd2 b6 38. Qc8+ Kg7 39. Qg8+ Kh6 40. Qf8+ Kh5 41. Qxe7 Nxa2 42. Qe2+ Kg5 43. Bxa2 Qc7+ 44. Kd1 f4 45. Qg2+ Kf6 46. Qd5 g5 47.
Qe6+ Kg7 48. Qf7+ Qxf7 49. Bxf7 Kxf7 50. d5 Ke7 51. d6+ Kd7 52. Re2 Kxd6 53. Rh2 Ke5 54. Rxh7 a5 55. Ke2 g4 56. Rb7 Ke4 57. Re7+ Kd4 58. Rb7 Ke4 59. Rxb6 g3 60. Re6+ Kd5 61. Rf6 Ke4 62. Re6+ Kd5 63. Rg6 Ke4 64. Kf1 Kf3 65.
Rg5 Ke3 66. Rxa5 f3 67. Ra3+ Kf4 68. b4 Ke4 69. b5 Kd5 70. Rc3 g2+ 71. Kg1 1-0

[Event "*** Titled Tuesday Blitz"]
[Site "Chess.com"]
[Date "2021.04.06"]
[Round "1"]
[White "chessdiamant"]
[Black "Chesswizard_2007"]
[Result "0-1"]
[WhiteElo "2376"]
[BlackElo "2703"]
[TimeControl "180+1"]
[EndTime "10:08:55 PDT"]
[Termination "Chesswizard_2007 won by resignation"]

1. e4 c5 2. Nf3 Nc6 3. d4 cxd4 4. Nxd4 Nf6 5. Nc3 h5 6. f3 g6 7. Be3 Bg7 8. Qd2 d6 9. O-O-O Bd7 10. Kb1 a6 11. Nd5 O-O 12. h4 b5 13. Nxf6+ Bxf6 14. Nxc6 Bxc6 15. g4 Kh7 16. gxh5 gxh5 17. Bh3 Rg8 18.
Qe2 Rg7 19. Rhg1 Qh8 20. Bf5+ Kg8 21. Rxg7+ Bxg7 22. Rg1 Kf8 23. c3 e6 24. Bh3 Bf6 25. Qd2 Ke7 26. Bg5 Rd8 27. Rd1 Qg7 28. e5 Bxg5 29.
exd6+ Kd7 30. hxg5 Bxf3 31. Rf1 Bg4 32. Bg2 Qg6+ 33.
Ka1 Ke8 34. Qd4 Kf8 35. Qb6 Qxg5 36. Qc7 Bf5 37. d7 Kg7 38. Bc6 Bh3 39. Rd1 Bg4 40. Rg1 a5 41. Qxa5 Qc5 42. Rc1 Qg5 43. Rb1 Bf5 44.
Rf1 Bh3 45. Rb1 Bf5 46. Qxb5 Qg6 47. Rf1 Bd3 48. Qb6 Bxf1 49. Qxd8 Qg3 50. a4 Bc4 51. b3 Qxc3+ 52. Kb1 Qxb3+ 53. Kc1 Qc3+ 54. Kd1 Bb3+ 55.
Ke2 Qc2+ 56. Ke3 Qc1+ 57. Kd4 Qc4+ 58. Ke5 Qc5+ 59. Kf4 Qd4+ 60. Kg3 Qd6+ 61. Kh4 Qf4+ 62. Kh3 Qg4+ 63. Kh2 Qf4+ 64. Kh3 Bc2 65. Qf8+ Kxf8 66. d8=Q+ Kg7 67. Qh4 Bf5+ 68. Kg2 Qxh4 0-1

[Event "*** Titled Tuesday Blitz"]
[Site "Chess.com"]
[Date "2021.04.06"]
[Round "1"]
[White "Torrentec"]
[Black "RD4ever"]
[Result "0-1"]
[WhiteElo "2452"]
[BlackElo "2886"]
[TimeControl "180+1"]
[EndTime "10:08:58 PDT"]
[Termination "RD4ever won by checkmate"]

1. e4 e6 2. d4 d5 3. Nc3 Nf6 4. e5 Nfd7 5. f4 c5 6. Nf3 Nc6 7. Be3 a6 8. a3 b5 9. Be2 Qb6 10. Qd2 cxd4 11. Nxd4 Bc5 12. Rd1 Bb7 13. O-O Rc8 14. h3 O-O 15. Kh2 Rfd8 16. Bf3 f6 17. exf6 Nxf6 18. Bg1 Ne4 19. Bxe4 dxe4 20. Nce2 e5 21.
fxe5 Nxe5 22. c3 Nc4 23. Qg5 Qg6 24. Qxg6 hxg6 25. Ne6 Bd6+ 26. g3 Re8 27. N2f4 e3 28. Rfe1 Bf3 29. Rd4 Be5 30. Rd7 e2 31. Bd4 Bc6 32.
Ra7 Nd2 33. Bxe5 Nf3+ 34. Kg2 Nxe1+ 35. Kf2 Nd3+ 36. Nxd3 Rxe6 37. Rxg7+ Kf8 38. Rh7 Rce8 39. Rh8+ Kf7 40. Rxe8 Kxe8 41. Bf4 Be4 42. Ne1 Bd5 43. Be3 Bc4 44. b3 Rf6+ 45. Bf4 g5 46. bxc4 gxf4 47. g4 f3 48. cxb5 axb5 49. g5 Rf5 50. h4 Kf7 51.
h5 Kg7 52. g6 Kh6 53. c4 bxc4 54.
a4 Kg7 55. a5 Rxa5 56. Kxf3 Re5 57. Kf2 c3 58. Nf3 c2 59. Nxe5 c1=Q 60. h6+ Qxh6 61.
Nf3 Qf4 62. Kxe2 Kxg6 63. Nd2 Kf5 64. Kd3 Qd6+ 65. Kc3 Qc6+ 66. Kd3 Ke5 67. Nc4+ Kf4 68. Ne3 Qd7+ 69. Ke2 Qe8 70. Kf1 Qxe3 71. Kg2 Qd2+ 72. Kh3 Kf3 73. Kh4 Qh6# 0-1